 Dungeon Crawl Stone Soup version 0.29.1-13-g9f3cf754e1 (webtiles) character file.

Game seed: 1280595605073616354

10 Rikuski the Digger (level 2, 9/20 HPs)
             Began as a Draconian Earth Elementalist on Jan 26, 2023.
             Got out of the dungeon alive.
             The game lasted 00:05:16 (214 turns).

Rikuski the Digger (Draconian Earth Elementalist)    Turns: 214, Time: 00:05:16

Health: 9/20       AC:  4    Str: 10    XL:     2   Next: 10%
Magic:  5/5        EV: 12    Int: 15    God:
Gold:   24         SH:  0    Dex: 11    Spells: 4/5 levels left

rFire   . . .      SeeInvis .   c - +0 dagger
rCold   . . .      Faith    .   (no shield)
rNeg    . . .      Spirit   .   (body armour unavailable)
rPois   .          Reflect  .   (helmet restricted)
rElec   .          Harm     .   (no cloak)
rCorr   .          Rampage  .   (no gloves)
Will    .....                   (no boots)
Stlth   ++........              (no amulet)
HPRegen 0.06/turn               (no ring)
MPRegen 0.09/turn               (no ring)

@: no status effects
A: AC +4, unfitting armour, cold-blooded
a: no special abilities


You escaped.
You visited 1 branch of the dungeon, and saw 2 of its levels.

You collected 24 gold pieces.

Inventory:

Hand Weapons
 b - a +0 club
 c - a +0 dagger (weapon)
Scrolls
 a - 2 scrolls of identify {unknown}


   Skills:
 + Level 2.1 Dodging
 + Level 1.7 Stealth
 + Level 2.0 Spellcasting
 + Level 1.0 Transmutations
 + Level 3.3 Earth Magic


You had 4 spell levels left.
You knew the following spells:

 Your Spells              Type           Power      Damage    Failure   Level
a - Sandblast             Erth           22%        2d7       5%          1

Your spell library contained the following spells:

 Spells                   Type           Power      Damage    Failure   Level
 Passwall                 Tmut/Erth      6%         N/A       14%         2
 Stone Arrow              Conj/Erth      12%        3d7       32%         3
 Petrify                  Tmut/Erth      8%         N/A       65%         4


Dungeon Overview and Level Annotations

Branches:
Dungeon (2/15)

Altars:


Innate Abilities, Weirdness & Mutations

Your plain brown scales are hard. (AC +4)
You cannot fit into any form of body armour.
You are cold-blooded and may be slowed by cold attacks.


Message History

The hobgoblin is moderately wounded.
The hobgoblin hits you.
You hit the hobgoblin. You tail-slap the hobgoblin.
You kill the hobgoblin!
You have reached level 2!
Unknown command.
Found 8 gold pieces.
A rat comes into view.
Found a stone staircase leading down.
A rat and a frilled lizard come into view.
You barely miss the rat. You tail-slap the rat.
You kill the rat!
The frilled lizard attacks as you move away!
The frilled lizard bites you.
* * * LOW HITPOINT WARNING * * *
You hit the frilled lizard.
You kill the frilled lizard!
The rat barely misses you.
You see here a frilled lizard corpse.
You closely miss the rat. The rat bites you but does no damage.
You closely miss the rat. The rat barely misses you.
You hit the rat.
You kill the rat!
You now have 24 gold pieces (gained 8).
You see here a frilled lizard corpse.
You see here a frilled lizard corpse.
You see here a bat corpse.
You see here a jackal corpse.
There is a stone staircase leading up here.
You climb upwards.
There is a stone staircase leading down here.
There is a staircase leading out of the dungeon here.
Are you sure you want to leave the Dungeon?
This will make you lose the game! [Y]es or [N]o only, please.
Are you sure you want to leave the Dungeon?
This will make you lose the game!
Uppercase [Y]es or [N]o only, please.
Are you sure you want to leave the Dungeon?
This will make you lose the game!
Uppercase [Y]es or [N]o only, please.
Are you sure you want to leave the Dungeon?
This will make you lose the game!
You have escaped!

........>....'†.........#
.######.######..†.......#
######..######.##########
...............#
#####...8############
#...............#
#...8##...#####.#
#.####.....# #.# #..#
##.@.## #.# ##..##.....#
#.# ##..8##...#####.#
#...............#
#...8############ #..####
#. #


There were no monsters in sight!

Vanquished Creatures
  A hobgoblin (D:2)
  3 jackals (D:2)
  2 kobolds (D:1)
  A bat (D:2)
  A frilled lizard (D:2)
  2 rats (D:2)
10 creatures vanquished.

Notes
Turn   | Place    | Note
-------+----------+-------------------------------------------
     0 | D:1      | Rikuski the Draconian Earth Elementalist began the quest
                  | for the Orb.
     0 | D:1      | Reached XP level 1. HP: 14/14 MP: 3/3
   124 | D:2      | Reached XP level 2. HP: 7/20 MP: 5/5
   214 | D:$      | Got out of the dungeon alive.

Illustrated notes

Levels and vault maps discovered:
D:1:      psy_arrival_basics, layout_basic, ebering_ecumenical_altar_box,
          dreamdust_princess_bridge
D:2:      layout_basic, basic_altar

Skill      XL: |  1 |
---------------+----+-----
Dodging        | 2 |  2.1
Stealth        | |  1.7
Spellcasting   | |  2.0
Transmutations | |  1.0
Earth Magic    | |  3.3

Action                   || total
-------------------------++-------
Melee: Dagger            ||    14
       Tailslap          ||     2
       Unarmed           ||     1
 Cast: Sandblast         ||     6
  Use: Potion            ||     1
Armor: Skin              ||     2
Dodge: Dodged            ||    18
